 Dungeon Crawl Stone Soup version 0.27-a0-1188-g73eefd5def (webtiles) character file.

Game seed: 12488109294548724548

85 cal3b6 the Cudgeller (level 4, 41/41 HPs)
             Began as a Minotaur Berserker on May 20, 2021.
             Was a Believer of Trog.
             Quit the game on level 2 of the Dungeon on Nov 19, 2021.
             The game lasted 00:04:42 (1242 turns).

cal3b6 the Cudgeller (Minotaur Berserker)           Turns: 1242, Time: 00:04:42

Health: 41/41      AC:  2    Str: 23    XL:     4   Next: 25%
Magic:  3/3        EV: 12    Int:  4    God:    Trog [**....]
Gold:   559        SH:  0    Dex:  9    Spells: 3/3 levels left

rFire    . . .     SeeInvis .   a - +0 mace
rCold    . . .     Faith    .   (no shield)
rNeg     . . .     Spirit   .   b - +0 animal skin
rPois    .         Reflect  .   (helmet restricted)
rElec    .         Harm     .   (no cloak)
rCorr    .         Rampage  .   (no gloves)
Will     .....                  (no boots)
Stlth    +.........             (no amulet)
HPRegen  0.13/turn              (no ring)
MPRegen  0.08/turn              (no ring)

@: no status effects
A: horns 2, retaliatory headbutt
a: Renounce Religion, Berserk, Trog's Hand


You were on level 2 of the Dungeon.
You worshipped Trog.
Trog was pleased with you.
You visited 1 branch of the dungeon, and saw 2 of its levels.

You collected 559 gold pieces.

Inventory:

Hand Weapons
 a - a +0 mace (weapon)
Armour
 b - a +0 animal skin (worn)
Jewellery
 h - a ring of protection from cold
Potions
 c - a potion of cancellation
 d - 2 potions of heal wounds {unknown}
 g - a potion of flight {unknown}


   Skills:
 + Level 4.4 Fighting
 * Level 5.1 Maces & Flails
 + Level 2.8 Armour
 + Level 2.6 Dodging
 + Level 0.3 Stealth


You had 3 spell levels left.
You didn't know any spells.
Your spell library was empty.

Dungeon Overview and Level Annotations

Branches:
Dungeon (2/15)

Altars:


Innate Abilities, Weirdness & Mutations

You have a pair of horns on your head.
You reflexively headbutt those who attack you in melee.


Message History

You hear a loud clanging noise!
It was a scroll of noise.
You hear a shout!
As you read the scroll labelled JYT ETRYIKK, it crumbles to dust.
It is a scroll of identify.
c - a potion of cancellation Unknown command.
As you read the scroll labelled RUROZE GOSODOCW, it crumbles to dust.
The scroll dissolves into smoke.
It was a scroll of fog.
An endoplasm comes into view.
An endoplasm is nearby!
You hit the endoplasm.
You kill the endoplasm!
Trog accepts your kill.
You see here an adder skeleton.
HP restored.
Found a mace.
Found a runed translucent door.
Crazy Yiuf shouts!
As you open the door, it creaks loudly!
You hit Crazy Yiuf. Your headbutt misses Crazy Yiuf.
Crazy Yiuf is lightly wounded.
Crazy Yiuf barely misses you.
Level annotation: Crazy Yiuf Welcome back, cal3b6 the Minotaur Berserker.
Trog says: Kill them all!
Press ? for a list of commands and other information.
Crazy Yiuf is nearby!
You thump Crazy Yiuf! You headbutt Crazy Yiuf!
You kill Crazy Yiuf!
Trog accepts your kill.
Your Maces & Flails skill increases to level 5!
You have reached level 4!
You feel stronger.
d - 2 sapphire potions
There is an open translucent door, spattered with blood here.
Things that are here:
a +4 quarterstaff of chaos; a +0 cloak; the gnoll corpse of Crazy Yiuf Describe a (M)onster, (S)pell, s(K)ill, (A)bility, (C)ard, (I)tem, (F)eature, (G)od, (B)ranch, c(L)oud or s(T)atus?
Okay, then.
Are you sure you want to abandon this character and quit the game? (Confirm with "yes".)

#####
#..)#
#...#
#...#
#@#
♣♣.♣
♣.♣♣
♣♣.♣
♣.♣♣
♣♣.♣♣
♣...♣♣
♣....♣
#####
##..##
#. #.#


There were no monsters in sight!

Vanquished Creatures
  Crazy Yiuf (D:2)
  An adder (D:2)
  A worm (D:2)
  A dart slug (D:1)
  4 bats
  5 endoplasms
  A giant cockroach (D:1)
  5 goblins
  4 hobgoblins
  4 jackals (D:1)
  6 kobolds
  A quokka (D:1)
  2 ball pythons (D:1)
  2 frilled lizards
  A rat (D:1)
39 creatures vanquished.

Notes
Turn   | Place    | Note
-------+----------+-------------------------------------------
     0 | D:1      | cal3b6 the Minotaur Berserker began the quest for the Orb.
     0 | D:1      | Reached XP level 1. HP: 19/19 MP: 0/0
   235 | D:1      | Reached skill level 4 in Maces & Flails
   309 | D:1      | Reached XP level 2. HP: 27/27 MP: 1/1
   769 | D:1      | Reached XP level 3. HP: 33/33 MP: 2/2
   855 | D:2      | Reached ** piety under Trog
   857 | D:2      | Identified a scroll of acquirement
   857 | D:2      | Acquired 510 gold pieces
  1233 | D:2      | Found a runed translucent door.
  1233 | D:2      | Noticed Crazy Yiuf
  1239 | D:2      | Killed Crazy Yiuf
  1240 | D:2      | Reached skill level 5 in Maces & Flails
  1240 | D:2      | Reached XP level 4. HP: 41/41 MP: 3/3
  1242 | D:2      | Quit the game

Illustrated notes

Levels and vault maps discovered:
D:1:      minmay_arrival_wavy_path, layout_basic
D:2:      layout_basic, basic_altar, uniq_crazy_yiuf_cottage

Skill      XL: |  1  2  3 |
---------------+----------+-----
Maces & Flails | 4 5 |  5.1
Fighting       | 4 |  4.4
Armour         | |  2.8
Dodging        | |  2.6
Stealth        | |  0.3

Action                   |  1- 3 |  4- 6 || total
-------------------------+-------+-------++-------
Melee: Mace              |    65 |       ||    65
       Headbutt          |    10 |       ||    10
  Use: Scroll            |     4 |       ||     4
Armor: Animal skin       |    16 |       ||    16
Dodge: Dodged            |    48 |       ||    48

Table legend: (Time is in decaauts)
 A = Elapsed time spent in this place.
 B = Non-inter-level travel time spent in this place.
 C = Inter-level travel time spent in this place.
 D = Time resting spent in this place.
 E = Time spent auto-exploring this place.
 F = Levels seen in this place.
 G = Mean time per level.
                   A        B        C        D        E       F      G
               +--------+--------+--------+--------+--------+-----+--------+
         Total |   1253 |   1215 |     38 |    155 |    845 |   2 |  626.5 |
       Dungeon |   1253 |   1215 |     38 |    155 |    845 |   2 |  626.5 |
               +--------+--------+--------+--------+--------+-----+--------+

Top non-repeatable levels by time:
     D:1: 861 daAuts
     D:2: 391 daAuts
